 Dungeon Crawl Stone Soup version 0.25.1-2-g60ff931df9 (webtiles) character file.

Game seed: 546463277811836338

33954 nikku the Severer (level 13, -1/127 HPs)
             Began as a Minotaur Berserker on Nov 13, 2020.
             Was a High Priest of Trog.
             Slain by a killer bee (3 damage)
             ... on level 5 of the Lair of Beasts.
             The game lasted 00:29:42 (15643 turns).

nikku the Severer (Minotaur Berserker)             Turns: 15643, Time: 00:29:43

Health: -1/127     AC: 23    Str: 26    XL:     13   Next: 39%
Magic:  12/12      EV:  9    Int:  4    God:    Trog [*****.]
Gold:   677        SH:  7    Dex: 11    Spells: 12/12 levels left

rFire    . . .     SeeInvis +   n - +4 hand axe (vorpal)
rCold    . . .     Gourm    .   m - +3 buckler
rNeg     . . .     Faith    .   b - +0 plate armour
rPois    .         Spirit   .   (helmet restricted)
rElec    .         Reflect  .   a - +1 cloak
rCorr    .         Harm     .   (no gloves)
MR       .....                  (no boots)
Stlth    ..........             (no amulet)
HPRegen  0.31/turn              w - ring of see invisible
MPRegen  0.13/turn              s - +4 ring of protection

@: mighty, berserk cooldown, slowed, very slow
A: retaliatory headbutt, horns 2
a: Berserk, Trog's Hand, Brothers in Arms, Renounce Religion


You were on level 5 of the Lair of Beasts.
You worshipped Trog.
Trog was extremely pleased with you.
You were near starving.

You visited 2 branches of the dungeon, and saw 16 of its levels.

You collected 677 gold pieces.

Inventory:

Hand Weapons
 n - a +4 vorpal hand axe (weapon)
 r - a +1 battleaxe
Missiles
 x - 3 curare-tipped darts
 y - 31 poisoned darts (quivered)
Armour
 a - a +1 cloak (worn)
 b - a +0 plate armour (worn)
 m - a +3 buckler (worn)
Jewellery
 s - a +4 ring of protection (right hand)
 w - a ring of see invisible (left hand)
Wands
 e - a wand of flame (45)
 p - a wand of acid (15)
 q - a wand of polymorph (6)
Scrolls
 f - a scroll of fear
 j - 4 scrolls of blinking
 o - 3 scrolls of identify
 t - 3 scrolls of magic mapping
 u - 2 scrolls of teleportation
 z - 4 scrolls of remove curse
 C - a scroll of acquirement
 D - a scroll of enchant armour
Potions
 g - 4 potions of lignification
 h - 2 potions of might
 i - a potion of ambrosia
 k - 2 potions of invisibility
 l - 2 potions of curing
 v - a potion of resistance
 A - a potion of cancellation {unknown}
Comestibles
 c - 10 rations
 B - 5 chunks of flesh


   Skills:
 + Level 15.4 Fighting
 + Level 17.8 Axes
 + Level 15.2 Armour
 - Level 2.1 Dodging
 - Level 4.0 Shields


You had 12 spell levels left.
You didn't know any spells.
Your spell library was empty.

Dungeon Overview and Level Annotations

Branches:
Dungeon (11/15)            Temple (0/1) D:6            Lair (5/6) D:9
 Shoals (0/4) Lair:4       Spider (0/4) Lair:4          Orc (0/2) D:9
  Slime: Lair:5-6

Altars:
Ashenzari
Fedhas
Kikubaaqudgha
Makhleb
Okawaru
Qazlal
Ru
Trog
Uskayaw
Vehumet
Wu Jian
Zin
The Shining One

Annotations:
D:8 exclusion: ice statue
Lair:4 exclusions: orange crystal statue and 2 more exclusions


Innate Abilities, Weirdness & Mutations

You reflexively headbutt those who attack you in melee.
You have a pair of horns on your head.


Message History

The killer bee stings you but does no damage.
Your iron troll goes berserk!
You feel somewhat more hungry.
The meliai mumbles some strange prayers to its god against you.
Something smites you!
* * * LOW HITPOINT WARNING * * *
The killer bee closely misses you. You furiously retaliate!
You headbutt the killer bee!
You kill the killer bee!
Trog accepts your kill. The meliai hits you but does no damage.
The meliai stings you but does no damage.
The meliai barely misses you.
The meliai stings you but does no damage.
A killer bee comes into view.
The killer bee stings your iron troll but does no damage.
The killer bee stings your iron troll. You block the meliai's attack.
The meliai stings you but does no damage.
The killer bee stings you.
You die...

#... .# .# #.#.# ###. .. . ...#.
.#. #. .....#.#....###... # ...
... .#.#.....#..# .#Y.# ....
.#..###..y###...#
.....#.#..#††#T.#).#
.....#.#...†)†††y†##
.......#.#.††.#.@y..#
......#.#.#.....##....#
P......#.###........#..# #
#P.....#.#.#.#....#..... ..
#.......###.#.#.......#. ..^.
#......#.#.#.###... ...... .. ..
#.............#.##.##.##.#.##.##
#..............#..#..#..#.#..#..
#...........#...##.##.##.#.##.##


You could see an elephant, a meliai, 2 killer bees and a friendly iron troll
(summoned, berserk).

Vanquished Creatures
  Harold (D:8)
  2 hydras
  Erica (D:8)
  A manticore (Lair:4)
  5 elephants (Lair:5)
  Joseph (D:8)
  A black mamba (Lair:3)
  A torpor snail (Lair:5)
  12 spiny frogs
  A rime drake (Lair:5)
  7 komodo dragons
  A polar bear (Lair:5)
  A troll (D:10)
  2 meliai (Lair:5)
  23 blink frogs
  8 hippogriffs
  2 slime creatures (D:5)
  A wraith (D:10)
  2 basilisks
  4 wyverns
  25 yaks
  A hungry ghost (D:6)
  Grum (D:8)
  Duvessa (D:6)
  6 orc warriors
  11 water moccasins
  6 porcupines
  A swamp drake (D:9)
  A sky beast (D:8)
  An eye of draining (D:9)
  A black bear (D:7)
  8 ice beasts
  4 ogres
  4 wolves
  A centaur (D:6)
  11 crocodiles
  7 big kobolds
  14 bullfrogs
  A water moccasin skeleton (D:8)
  6 scorpions
  Dowan (D:6)
  39 killer bees
  8 wights
  An electric eel (D:7)
  6 howler monkeys
  7 crimson imps
  A bullfrog zombie (D:6)
  8 hounds
  7 jellies
  A quasit (D:9)
  2 centaur skeletons
  3 centaur zombies
  6 orc priests
  A bullfrog skeleton (D:5)
  8 orc wizards
  5 worker ants
  4 hound zombies
  A worker ant zombie (D:7)
  Robin (D:4)
  7 gnolls
  A howler monkey skeleton (D:5)
  11 adders
  3 shadow imps
  7 oozes
  2 worms
  2 dart slugs
  5 leopard geckos
  54 orcs
  4 bats
  A giant cockroach (D:8)
  19 goblins
  11 hobgoblins
  9 jackals
  8 kobolds
  3 quokkas
  7 frilled lizards
  12 rats
  A fungus (D:5)
465 creatures vanquished.

Vanquished Creatures (others)
  3 fungi
  8 toadstools (D:5)
11 creatures vanquished.

Grand Total: 476 creatures vanquished

Notes
Turn   | Place    | Note
-------+----------+-------------------------------------------
     0 | D:1      | nikku the Minotaur Berserker began the quest for the Orb.
     0 | D:1      | Reached XP level 1. HP: 19/19 MP: 0/0
   177 | D:1      | Reached XP level 2. HP: 27/27 MP: 1/1
   289 | D:1      | Reached skill level 4 in Axes
   630 | D:1      | You fall into a shaft and drop 1 floor!
   779 | D:2      | Noticed a moth of wrath
   782 | D:2      | Found a bloodstained altar of Trog.
   849 | D:2      | Reached XP level 3. HP: 28/33 MP: 2/2
   944 | D:2      | Reached ** piety under Trog
  1503 | D:2      | Found a glowing golden altar of the Shining One.
  1602 | D:2      | Reached XP level 4. HP: 37/41 MP: 3/3
  1680 | D:2      | Found a stormy altar of Qazlal.
  1910 | D:3      | Reached skill level 1 in Shields
  2167 | D:3      | Found a burning altar of Makhleb.
  2170 | D:3      | Found a glowing silver altar of Zin.
  2170 | D:3      | Noticed a balrug
  2181 | D:3      | Noticed an angel
  2184 | D:3      | Reached XP level 5. HP: 39/47 MP: 4/4
  2329 | D:3      | Reached skill level 5 in Fighting
  2329 | D:3      | Reached skill level 5 in Axes
  2641 | D:3      | Reached *** piety under Trog
  3017 | D:4      | Noticed Robin
  3028 | D:4      | Killed Robin
  3028 | D:4      | Reached XP level 6. HP: 54/56 MP: 5/5
  3554 | D:4      | Found a shattered altar of Ashenzari.
  3659 | D:5      | Entered Level 5 of the Dungeon
  3759 | D:5      | Reached skill level 5 in Armour
  3774 | D:5      | Reached XP level 7. HP: 48/62 MP: 6/6
  3864 | D:5      | Reached skill level 6 in Axes
  3890 | D:5      | Found a radiant altar of Vehumet.
  4054 | D:5      | Found a hide-covered altar of Uskayaw.
  4061 | D:5      | Found an iron altar of Okawaru.
  4602 | D:5      | Reached skill level 7 in Axes
  4602 | D:5      | Reached XP level 8. HP: 58/71 MP: 7/7
  4787 | D:5      | Noticed a slime creature
  4788 | D:5      | Noticed a slime creature
  4793 | D:5      | Killed a slime creature
  4797 | D:5      | Reached **** piety under Trog
  4805 | D:5      | Killed a slime creature
  4805 | D:5      | Reached skill level 8 in Axes
  5024 | D:6      | Reached XP level 9. HP: 75/82 MP: 8/8
  5341 | D:6      | Found a staircase to the Ecumenical Temple.
  5346 | D:6      | Reached skill level 9 in Axes
  5482 | D:6      | Noticed Duvessa
  5482 | D:6      | Noticed Dowan
  5493 | D:6      | Killed Dowan
  5493 | D:6      | Killed Duvessa
  6699 | D:7      | Identified a scroll of acquirement
  6699 | D:7      | Acquired a manual of Axes
  6790 | D:8      | Reached skill level 10 in Axes
  6836 | D:8      | Reached skill level 10 in Fighting
  7049 | D:8      | Found an ornate altar of the Wu Jian Council.
  7083 | D:8      | Reached XP level 10. HP: 94/94 MP: 9/9
  7086 | D:8      | Reached skill level 10 in Armour
  7159 | D:8      | Noticed Grum
  7166 | D:8      | Reached skill level 11 in Axes
  7180 | D:8      | Killed Grum
  7218 | D:8      | Found a sacrificial altar of Ru.
  7218 | D:8      | Found a bloodstained altar of Trog.
  7279 | D:8      | Noticed Erica
  7295 | D:8      | Killed Erica
  7295 | D:8      | Reached skill level 12 in Axes
  7579 | D:8      | Found an ancient bone altar of Kikubaaqudgha.
  7617 | D:8      | Found a blossoming altar of Fedhas.
  7646 | D:8      | Noticed Harold
  7660 | D:8      | Killed Harold
  7911 | D:8      | Noticed Joseph
  7920 | D:8      | Killed Joseph
  7920 | D:8      | Reached skill level 13 in Axes
  7941 | D:8      | Noticed an ice statue
  8170 | D:9      | Found a staircase to the Orcish Mines.
  8311 | D:9      | Reached XP level 11. HP: 104/104 MP: 0/10
  8741 | D:9      | Found a staircase to the Lair.
  9197 | D:9      | Reached skill level 14 in Axes
  9499 | D:10     | Entered Level 10 of the Dungeon
  9752 | D:10     | Found a glowing golden altar of the Shining One.
 10646 | Lair:1   | Entered Level 1 of the Lair of Beasts
 11006 | Lair:1   | Reached ***** piety under Trog
 11024 | Lair:1   | Reached skill level 15 in Axes
 11998 | Lair:2   | Reached XP level 12. HP: 115/115 MP: 11/11
 12107 | Lair:2   | Reached skill level 16 in Axes
 12926 | Lair:3   | Noticed a seven-headed hydra
 12949 | Lair:3   | Killed a 17-headed hydra
 14043 | Lair:4   | Reached skill level 17 in Axes
 14729 | Lair:4   | Found a staircase to the Shoals.
 14854 | Lair:4   | Found a hole to the Spider Nest.
 15068 | Lair:5   | Reached XP level 13. HP: 125/125 MP: 12/12
 15226 | Lair:5   | Reached skill level 15 in Fighting
 15598 | Lair:5   | Reached skill level 15 in Armour
 15642 | Lair:5   | HP: 2/127 [meliai/divine providence (9)]
 15643 | Lair:5   | Slain by a killer bee

Illustrated notes

Levels and vault maps discovered:
D:1:      dpeg_arrival_connections, layout_basic
D:2:      layout_rooms, nicolae_qazlal_general_emergency,
          nicolae_overflow_crystal_walls, first_ration, tgw_trog
D:3:      layout_loops_ring, grunt_temple_overflow_order_and_chaos_2,
          kennysheep_cross_room
D:4:      layout_basic, evilmike_ruin_ashenzari, uniq_robin
D:5:      cheibrodos_fertilizer, layout_basic, overflow_temple_1_default,
          eat_drink_and_be_merry_uskayaw, lemuel_crystal_altar,
          serial_co_window_serial, co_window_paths_a, co_window_corner_a,
          co_window_paths_a, co_window_corner_a, co_window_paths_b,
          co_window_corner_ca, co_window_paths_c, co_window_2corner,
          co_window_of_opportunity_b, co_window_corner_b, co_window_2corner,
          glass_columns_a, glass_columns_a, glass_columns_a, glass_columns_b,
          glass_columns_a
D:6:      layout_basic, minmay_temple_entry_antechambers, uniq_duvessa
D:7:      layout_basic, kennysheep_generic_room_16
D:8:      lemuel_ice_statue, layout_rooms, kennysheep_mini, old_standard_altar,
          marbit_many_paths, gammafunk_temple_overflow_wave, uniq_erica,
          uniq_grum, uniq_joseph, uniq_harold
D:9:      layout_stronghold, erik_lair_dragon, hiddenorc2_lemuel
D:10:     layout_basic, basic_altar
D:11:     layout_layer_cave, serial_shops, shop
Lair:1:   layout_regular_city, serial_bayou_shore_b
Lair:2:   layout_roguey
Lair:3:   layout_long_grid, nicolae_volcano_entry_s_turn,
          chequers_serial_rivers_small_b, grunt_megastairs_5
Lair:4:   layout_hall_layers, minmay_shoals_entry_beasts,
          spider_nest_entry_web_field, disabler_island, grunt_megastairs_3
Lair:5:   hangedman_what_comes_after_a, layout_gridlike

Skill      XL: |  1  2  3  4  5  6  7  8  9 10 11 12 13 |
---------------+----------------------------------------+-----
Fighting       | 4 5 6 8 10 11 13 14 15 | 15.4
Axes           | 4 5 7 8 10 13 15 17 | 17.8
Armour         | 3 4 5 6 8 9 11 13 14 15 | 15.2
Shields        | 1 2 3 4 |  4.0
Dodging        | |  2.1

Action                   |  1- 3 |  4- 6 |  7- 9 | 10-12 | 13-15 || total
-------------------------+-------+-------+-------+-------+-------++-------
Melee: Hand axe          |    88 |   143 |   267 |   697 |   125 ||  1320
       Headbutt          |    13 |    24 |    53 |   148 |    31 ||   269
Invok: Trog's Hand       |       |     1 |     6 |     8 |     2 ||    17
       Berserk           |       |       |     5 |     4 |     2 ||    11
       Brothers in Arms  |       |       |       |       |     1 ||     1
  Use: Scroll            |     5 |     7 |    13 |     7 |       ||    32
       Potion            |       |       |       |       |     7 ||     7
 Stab: Confused          |       |       |       |     1 |       ||     1
  Eat: Chunk             |     2 |     7 |    12 |    22 |     3 ||    46
       Ration            |       |       |     2 |     3 |       ||     5
Armor: Animal skin       |     8 |       |       |       |       ||     8
       Ring mail         |    21 |    33 |    77 |     1 |       ||   132
       Plate armour      |       |       |       |   252 |    99 ||   351
Dodge: Dodged            |    63 |    60 |   114 |   178 |    67 ||   482
Block: Buckler           |       |    25 |    69 |   174 |    65 ||   333
